AoeStats
← Jeki

Hideout

510273640Analyzed
1v1 RM · 1d ago on Sep 30, 2026· 30m 14s· 2 players
Game mode
Random Map
Map size
Tiny (2 player)
Population
200
Speed
Normal
Resources
Standard
Victory
Conquest
Starting age
Dark Age
Ending age
Imperial Age
RankedLock teamsTeams togetherTeam positionsShared explorationLock speedFull tech treeHidden civsTurbo modeCheats
Victory
Defeat
🇬🇧 Saracens · United Kingdom
1031
+15
🇦🇹 Japanese · Austria
1000
-15
Jeki
7:37 Loom
10:13 Feudal Age
10:15 Man-at-Arms
11:13 Double-Bit Axe
15:20 Fletching
15:32 Padded Archer Armor
18:24 Horse Collar
18:42 Gold Mining
22:07 Castle Age
22:55 Thumb Ring
24:01 Bodkin Arrow
25:08 Bloodlines
25:01 Husbandry
26:45 Leather Archer Armor
GuptaTheFigher
11:16 Feudal Age
13:20 Fletching
14:57 Double-Bit Axe
19:30 Castle Age
18:27 Loom
19:33 Crossbowman
21:27 Bodkin Arrow
22:27 Town Watch
30:08 Imperial Age
28:06 Thumb Ring
Connection lost

Rejoining the realm…

Still unreachable

The connection could not be restored.

Session expired

The server has moved on; the page needs a fresh start.